 Dungeon Crawl Stone Soup version 0.14-a0-1007-gacdcbbe (webtiles) character file.

5128 PolkaDot the Conjurer (level 10, 0/63 HPs)
             Began as a Vampire Conjurer on Nov 22, 2013.
             Was a Priest of Vehumet.
             Slain by an adder skeleton (1 damage)
             ... on Level 8 of the Dungeon.
             The game lasted 00:56:07 (11164 turns).

PolkaDot the Conjurer (Vampire Conjurer)           Turns: 11164, Time: 00:56:07

HP   0/63        AC  5     Str  7      XL: 10   Next: 25%
MP   6/21        EV 12     Int 20      God: Vehumet [***...]
Gold 282         SH  0     Dex 12      Spells:  6 memorised,  2 levels left

Res.Fire  : + . .   See Invis. : +   C - +9,+4 sabre "Transmigrator" {freeze, rPois MR++ Stlth-}
Res.Cold  : . . .   Warding    : .   a - +0 robe
Life Prot.: + . .   Conserve   : +   (no shield)
Res.Poison: +       Res.Corr.  : .   (no helmet)
Res.Elec. : .       Clarity    : .   q - +0 orc cloak
Sust.Abil.: . .     Spirit.Shd : .   (no gloves)
Res.Mut.  : .       Stasis     : .   (no boots)
Res.Rott. : .       Flight     : .   v - amulet of conservation
Saprovore : . . .                    f - +2 ring of protection
                                     h - ring of protection from fire

@: very resistant to hostile enchantments, unstealthy
A: bottle blood, fangs 3, talons 1, see invisible, clumsy 1, unbreathing
a: Bat Form, Bottle Blood, Renounce Religion


You were on level 8 of the Dungeon.
You worshipped Vehumet.
Vehumet was most pleased with you.
You were not thirsty.

You visited 2 branches of the dungeon, and saw 9 of its levels.

You collected 282 gold pieces.

Inventory:

Hand weapons
 C - the +9,+4 sabre "Transmigrator" (weapon) {freeze, rPois MR++ Stlth-}
   (You found it on level 4 of the Dungeon)

   It has been specially enchanted to freeze those struck by it, causing extra
   injury to most foes and up to double damage against particularly susceptible
   opponents.
   It can also slow down cold-blooded creatures.
   It protects you from poison.
   It affects your resistance to hostile enchantments.
   It makes you much less stealthy.
Armour
 a - a +0 robe (worn)
 d - a +0 troll leather armour
 q - a +0 orcish cloak (worn)
Magical devices
 t - a wand of draining (2)
 x - a wand of frost (5)
 B - a wand of fire (8)
 F - a wand of flame (7)
Scrolls
 b - a scroll of immolation {unknown}
 e - 4 scrolls of remove curse
 g - 3 scrolls of recharging {unknown}
 i - a scroll of enchant weapon III {unknown}
 j - 5 scrolls of amnesia
 l - a scroll of silence {unknown}
 p - 2 scrolls of curse weapon {unknown}
 r - 3 scrolls of teleportation
 y - a scroll of magic mapping {unknown}
 z - a scroll of fog
 E - a scroll of vulnerability {unknown}
Jewellery
 f - a +2 ring of protection (right hand)
 h - a ring of protection from fire (left hand)
 k - a cursed ring of teleportation
 v - an amulet of conservation (around neck)
 w - an uncursed amulet of clarity
 D - an uncursed ring of hunger
Potions
 m - a potion of berserk rage
 n - a potion of brilliance {unknown}
 o - a potion of confusion {unknown}
 s - a potion of resistance {unknown}
 u - a potion of magic
Books
 c - a book of Conjurations

   Spells                             Type                      Level
   *Magic Dart                        Conjuration                  1
   *Searing Ray                       Conjuration                  2
   Dazzling Spray                     Conjuration/Hexes            3
   *Iskenderun's Mystic Blast         Conjuration                  4
   *Iskenderun's Battlesphere         Conjuration/Charms           4
   Fulminant Prism                    Conjuration/Hexes            5
 A - a book of Maledictions

   Spells                             Type                      Level
   Corona                             Hexes                        1
   Sure Blade                         Hexes/Charms                 2
   Ensorcelled Hibernation            Hexes/Ice                    2
   Confuse                            Hexes                        3
   Enslavement                        Hexes                        4
   Invisibility                       Hexes                        6


   Skills:
 - Level 2.1 Dodging
 - Level 3.0 Stealth
 - Level 4.2 Spellcasting
 + Level 9.5 Conjurations
 - Level 7.8 Charms
 + Level 3.0 Ice Magic
 * Level 2.4 Air Magic


You had 2 spell levels left.
You knew the following spells:

 Your Spells              Type           Power        Failure   Level  Hunger
a - Static Discharge      Conj/Air       ####....     1%          3    ###....
d - Iskenderun's Mystic   Conj           #####...     1%          4    ####...
m - Freeze                Ice            ###.         1%          1    None
s - Searing Ray           Conj           #####.       1%          2    #......
x - Iskenderun's Battles  Conj/Chrm      #####...     1%          4    ####...
z - Magic Dart            Conj           ####         1%          1    None


Dungeon Overview and Level Annotations

Branches:
Dungeon (8/16)             Temple (1/1) D:5
   Lair: D:8-11

Altars:
Ashenzari
Cheibriados
Elyvilon
Kikubaaqudgha
Makhleb
Nemelex Xobeh
Okawaru
Sif Muna
Trog
Vehumet
Xom
Yredelemnul
Zin
the Shining One


Innate Abilities, Weirdness & Mutations

You can bottle blood from corpses.
You have razor-sharp teeth.*
You have supernaturally acute eyesight.
You can survive without breathing.*
You have sharp toenails.*
You are clumsy. (Dex -2)


Message History

Aiming: Iskenderun's Mystic Blast
Press: ? - help, Shift-Dir - straight line, f/p - orc warrior
Aim: an orc warrior, wielding an orcish halberd and wearing an orcish plate armour (almost dead)
The orb of energy hits the adder skeleton.
The orb of energy explodes!
The mystic blast hits the orc.
You kill the orc!
Vehumet accepts your kill.
You feel your power returning.
The mystic blast hits the orc warrior.
The orc warrior is almost dead.
The mystic blast hits the orc.
You kill the orc!
Vehumet accepts your kill.
You feel your power returning.
Your battlesphere fires!
The barrage of energy hits the orc warrior.
The orc warrior is almost dead.
The orc warrior hits you from afar with an orcish halberd!
* * * LOW HITPOINT WARNING * * *
The adder skeleton bites you.
You die...

........... ...
............
.....?. ###..####.#
#....... ###..# #.#
#.....*. .....# #.#
#........
.....####.##
#...?..
...........####%o..
..............##z#
...............)@#
..............####
###..####.##.##
#..# #.##.# #...
...... ....
........
#.[.........#
#.....#### . .


You could see an orc warrior and an adder skeleton.

Vanquished Creatures
  A hill giant skeleton (D:8)
  Menkaure (D:7)
  2 black bears
  A sky beast (D:6)
  2 necrophages
  3 phantoms
  3 giant goldfish
  7 ogres
  3 centaurs
  3 giant frogs
  A gnoll sergeant (D:5)
  8 jellyfish
  6 killer bees (D:8)
  2 electric eels (D:6)
  4 hounds
  A giant frog skeleton (D:8)
  11 big fish
  2 goliath beetles (D:6)
  A jelly (D:6)
  7 crimson imps
  8 orc wizards
  4 iguanas
  An orc priest (D:6)
  An orange rat (D:7)
  A quasit (D:5)
  4 worker ants
  An ogre zombie (D:7)
  2 worker ant zombies
  4 adders
  4 gnolls (D:6)
  3 green rats (D:7)
  A giant mite (D:7)
  4 worms
  An iguana zombie (D:5)
  An adder skeleton (D:6)
  4 grey rats (D:7)
  A scorpion zombie (D:6)
  A giant eyeball (D:5)
  10 giant geckos
  31 orcs
  2 ball pythons
  A giant cockroach (D:3)
  16 goblins
  14 hobgoblins
  7 jackals
  A quokka (D:6)
  10 bats
  4 giant newts
  A hobgoblin zombie (D:6)
  11 kobolds
  An orc skeleton (D:4)
  An orc zombie (D:5)
  A quokka skeleton (D:8)
  21 rats
  2 rat skeletons
  A ballistomycete (D:7)
  8 plants (D:6)
258 creatures vanquished.

Vanquished Creatures (others)
  A goblin (D:6)
  A giant spore (D:7)
  A plant (D:6)
3 creatures vanquished.

Grand Total: 261 creatures vanquished

Notes
Turn   | Place    | Note
--------------------------------------------------------------
     0 | D:1      | PolkaDot, the Vampire Conjurer, began the quest for the Orb.
     0 | D:1      | Reached XP level 1. HP: 13/13 MP: 4/4
   565 | D:1      | Reached XP level 2. HP: 19/19 MP: 2/5
   808 | D:1      | Learned a level 2 spell: Searing Ray
  1417 | D:1      | Reached XP level 3. HP: 22/24 MP: 3/6
  2666 | D:3      | Reached XP level 4. HP: 28/30 MP: 6/9
  2845 | D:3      | Reached skill level 4 in Conjurations
  2950 | D:3      | Noticed an ogre
  2956 | D:3      | Learned a level 4 spell: Iskenderun's Mystic Blast
  2966 | D:3      | Killed an ogre
  2966 | D:3      | Reached XP level 5. HP: 35/35 MP: 2/12
  3534 | D:4      | Got a dazzling sabre
  3636 | D:4      | Learned a level 4 spell: Iskenderun's Battlesphere
  3739 | D:4      | Reached XP level 6. HP: 15/41 MP: 3/14
  3837 | D:4      | Noticed a black bear
  3854 | D:4      | Killed a black bear
  3854 | D:4      | Reached skill level 1 in Charms
  3865 | D:4      | Gained mutation: You are clumsy. (Dex -2) [potion of mutation]
  4275 | D:5      | Entered Level 5 of the Dungeon
  4277 | D:5      | Identified the +9,+4 sabre "Transmigrator" {freeze, rPois MR++ Stlth-} (You found it on level 4 of the Dungeon)
  4277 | D:5      | Identified the +9,+4 sabre "Transmigrator" {freeze, rPois MR++ Stlth-} (You found it on level 4 of the Dungeon)
  4313 | D:5      | Reached skill level 5 in Conjurations
  4313 | D:5      | Reached XP level 7. HP: 37/46 MP: 1/17
  4866 | D:5      | Noticed a necrophage
  4879 | D:5      | Killed a necrophage
  4891 | D:5      | Reached skill level 6 in Conjurations
  4891 | D:5      | Reached XP level 8. HP: 24/52 MP: 10/18
  5025 | D:5      | Paralysed by a giant eyeball for 3 turns
  5272 | D:5      | Found a deep blue altar of Sif Muna.
  5272 | D:5      | Found a shimmering altar of Xom.
  5277 | D:5      | Found a basalt altar of Yredelemnul.
  5277 | D:5      | Found a white marble altar of Elyvilon.
  5284 | D:5      | Found an ancient bone altar of Kikubaaqudgha.
  5372 | D:5      | Found a staircase to the Ecumenical Temple.
  5381 | Temple   | Entered the Ecumenical Temple
  5576 | Temple   | Gained mutation: You have sharp toenails. [potion of mutation]
  5618 | Temple   | Became a worshipper of Vehumet
  6280 | D:6      | Reached skill level 5 in Charms
  6307 | D:6      | Reached skill level 7 in Conjurations
  6670 | D:6      | HP: 2/52 [orc priest/divine providence (11)]
  6784 | D:6      | Acquired Vehumet's first power
  6784 | D:6      | Offered knowledge of Sting by Vehumet.
  7067 | D:6      | Reached XP level 9. HP: 53/57 MP: 20/20
  7385 | D:6      | Reached skill level 8 in Conjurations
  7660 | D:6      | Found a glowing silver altar of Zin.
  8566 | D:7      | Noticed Menkaure
  8649 | D:7      | Killed Menkaure
  9263 | D:7      | Reached skill level 9 in Conjurations
  9264 | D:7      | Offered knowledge of Freeze by Vehumet.
  9267 | D:7      | Learned a level 1 spell: Freeze
  9282 | D:7      | Reached skill level 1 in Ice Magic
 10451 | D:7      | Offered knowledge of Static Discharge by Vehumet.
 10456 | D:7      | Learned a level 3 spell: Static Discharge
 10639 | D:8      | Reached XP level 10. HP: 28/63 MP: 17/21
 10944 | D:8      | Acquired Vehumet's second power
 10951 | D:8      | Reached skill level 1 in Air Magic
 11164 | D:8      | HP: 1/63 [orc warrior/orcish halberd (12)]
 11164 | D:8      | Slain by an adder skeleton

Action                   |  1- 3 |  4- 6 |  7- 9 | 10-12 || total
-------------------------+-------+-------+-------+-------++-------
Melee: Unarmed           |    11 |       |       |       ||    11
       Dagger            |    70 |   110 |       |       ||   180
       Sabre             |       |     8 |   405 |    21 ||   434
 Cast: Magic Dart        |    39 |    21 |    18 |    16 ||    94
       Searing Ray       |     6 |    19 |    34 |     4 ||    63
       Iskenderun's Myst |       |     5 |    55 |     5 ||    65
       Iskenderun's Batt |       |       |    18 |     7 ||    25
Evoke: Wand              |       |       |     1 |     2 ||     3
  Use: Potion            |     2 |     6 |     6 |     1 ||    15
       Scroll            |       |    14 |     2 |       ||    16
 Stab: Sleeping          |     1 |     3 |     2 |       ||     6
